 Dungeon Crawl Stone Soup version 0.25.1-2-g60ff931df9 (webtiles) character file.

Game seed: 489269520203647536

49 funkygono the Covered (level 3, 0/28 HPs)
             Began as a Gnoll Wanderer on Oct 5, 2020.
             Succumbed to an adder's poison
             ... on level 2 of the Dungeon.
             The game lasted 00:03:07 (1510 turns).

funkygono the Covered (Gnoll Wanderer)              Turns: 1510, Time: 00:03:08

Health: 0/28       AC: 16    Str: 14    XL:     3   Next: 75%
Magic:  4/4        EV:  7    Int: 17    God:
Gold:   56         SH:  0    Dex: 12    Spells: 3/3 levels left

rFire    . . .     SeeInvis .   s - -1 spear (curse)
rCold    . . .     Gourm    .   (no shield)
rNeg     . . .     Faith    .   p - +0 chain mail
rPois    .         Spirit   .   q - +1 hat
rElec    .         Reflect  .   (no cloak)
rCorr    .         Harm     .   (no gloves)
MR       .....                  h - +0 pair of boots
Stlth    ..........             n - amulet of the acrobat
HPRegen  0.09/turn              l - +4 ring of protection
MPRegen  0.09/turn              (no ring)

@: lethally poisoned (0 -> -8), hasted, very quick
A: distributed training, fangs 1, strong nose
a: no special abilities


You were on level 2 of the Dungeon.
You were not hungry.

You visited 1 branch of the dungeon, and saw 2 of its levels.

You collected 56 gold pieces.

Inventory:

Hand Weapons
 a - a +3 hand axe
 b - a +0 shortbow
 d - a +0 mace
 s - a cursed -1 spear (weapon)
Missiles
 c - 50 arrows
 k - 7 boomerangs (quivered)
 o - 67 stones
Armour
 e - a +0 robe
 h - a +0 pair of boots (worn)
 p - a +0 chain mail (worn)
 q - a +1 hat (worn)
 r - a +0 helmet
Jewellery
 l - a +4 ring of protection (left hand)
 n - an amulet of the acrobat (around neck)
Scrolls
 j - a scroll of fog {unknown}
 m - a scroll of identify
 w - a scroll of remove curse
Potions
 g - a potion of cancellation
 u - a potion of curing {unknown}
 v - a potion of heal wounds {unknown}
Comestibles
 f - 4 rations


   Skills:
 + Level 2.6 Fighting
 + Level 0.9 Short Blades
 + Level 0.9 Long Blades
 + Level 4.5 Axes
 + Level 4.5 Maces & Flails
 + Level 0.9 Polearms
 + Level 0.9 Staves
 + Level 0.9 Slings
 + Level 0.9 Bows
 + Level 0.9 Crossbows
 + Level 2.6 Throwing
 + Level 6.5 Armour
 + Level 0.9 Dodging
 + Level 0.9 Stealth
 + Level 2.6 Shields
 + Level 0.9 Unarmed Combat
 + Level 0.9 Spellcasting
 + Level 0.6 Conjurations
 + Level 0.6 Hexes
 + Level 0.6 Charms
 + Level 0.6 Summonings
 + Level 0.6 Necromancy
 + Level 0.6 Translocations
 + Level 0.6 Transmutations
 + Level 0.6 Fire Magic
 + Level 0.6 Ice Magic
 + Level 0.6 Air Magic
 + Level 0.6 Earth Magic
 + Level 0.6 Poison Magic
 + Level 1.0 Invocations
 + Level 0.9 Evocations


You had 3 spell levels left.
You didn't know any spells.
Your spell library was empty.

Dungeon Overview and Level Annotations

Branches:
Dungeon (2/15)

Altars:


Innate Abilities, Weirdness & Mutations

Your experience applies equally to all skills.
You have very sharp teeth.
Your uncanny sense of smell can sniff out nearby items.


Message History

The adder is almost dead.
The adder bites you.
* * * LOW HITPOINT WARNING * * *
You are more poisoned.
The adder poisons you! The adder bites you but does no damage.
You closely miss the adder. You bite the adder.
You kill the adder!
Your Invocations skill increases to level 1!
* * * LOW HITPOINT WARNING * * *
You feel sick. The bat hits you but does no damage. x2
You hit the bat.
You kill the bat!
* * * LOW HITPOINT WARNING * * *
You feel sick.
Okay, then.
* * * LOW HITPOINT WARNING * * *
You feel sick.
You see here a giant cockroach corpse.
It was a potion of haste.
You feel yourself speed up.
You die...

∆ . ..... # .#.!.. #.
..... #.. #...# ##
#..##...#..
.##.......#.########
∆............#......####
#@#.# #.##......# ##.#.#
#.##.#.##.# #### #
#.#..# #.##....#.## ...#
#. #..#.# #.##.#......
##.#### #.##.##.#
#.##.#.##.## ##.##.##
#.......# #.........#
#.#.#.## ###...###
####.###### #....#.#
#...########..##
#.#...##
#...>..........#


There were no monsters in sight!

Vanquished Creatures
  2 adders (D:2)
  2 dart slugs (D:1)
  A leopard gecko (D:2)
  4 bats
  4 giant cockroaches
  2 goblins
  A hobgoblin (D:1)
  3 frilled lizards
  4 kobolds
  4 rats (D:1)
27 creatures vanquished.

Notes
Turn   | Place    | Note
-------+----------+-------------------------------------------
     0 | D:1      | funkygono the Gnoll Wanderer began the quest for the Orb.
     0 | D:1      | funkygono set off with the following items: a +2 hand axe,
                  | a +0 shortbow, 30 arrows, a +0 mace, a +0 robe, a ration
     0 | D:1      | Reached XP level 1. HP: 17/17 MP: 1/1
   314 | D:1      | Reached XP level 2. HP: 23/23 MP: 2/2
   944 | D:2      | Reached XP level 3. HP: 24/28 MP: 3/3
  1507 | D:2      | Reached skill level 1 in Invocations
  1509 | D:2      | HP: 1/28 [poisoned by an adder]
  1510 | D:2      | Succumbed to an adder's poison

Illustrated notes

Levels and vault maps discovered:
D:1:      eino_arrival_water_star, layout_basic
D:2:      layout_loops_cross

Skill      XL: |  1  2  3 |
---------------+----------+-----
Invocations    | 1 |  1.0
Fighting       | |  2.6
Short Blades   | |  0.9
Long Blades    | |  0.9
Axes           | |  4.5
Maces & Flails | |  4.5
Polearms       | |  0.9
Staves         | |  0.9
Slings         | |  0.9
Bows           | |  0.9
Crossbows      | |  0.9
Throwing       | |  2.6
Armour         | |  6.5
Dodging        | |  0.9
Stealth        | |  0.9
Shields        | |  2.6
Unarmed Combat | |  0.9
Spellcasting   | |  0.9
Conjurations   | |  0.6
Hexes          | |  0.6
Charms         | |  0.6
Summonings     | |  0.6
Necromancy     | |  0.6
Translocations | |  0.6
Transmutations | |  0.6
Fire Magic     | |  0.6
Ice Magic      | |  0.6
Air Magic      | |  0.6
Earth Magic    | |  0.6
Poison Magic   | |  0.6
Evocations     | |  0.9

Action                   || total
-------------------------++-------
Melee: Hand axe          ||    66
       Bite              ||     6
       Spear             ||    26
Throw: Stone             ||     4
       Boomerang         ||     2
  Use: Scroll            ||     4
       Potion            ||     1
 Stab: Sleeping          ||     1
  Eat: Chunk             ||     2
Armor: Robe              ||    22
       Chain mail        ||    40
Dodge: Dodged            ||    49
